 Dungeon Crawl Stone Soup version 0.24-a0-250-g6074511 (webtiles) character file.

Game seed: 9371084048152651248

355 Borgoz the Cutter (level 6, 0/39 HPs)
             Began as a Kobold Monk on Apr 15, 2019.
             Slain by an orc
             ... wielding a +0 club
              (5 damage)
             ... on level 4 of the Dungeon.
             The game lasted 00:08:52 (3278 turns).

Borgoz the Cutter (Kobold Monk)                     Turns: 3278, Time: 00:08:55

Health: 0/39       AC:  2    Str: 11    XL:     6   Next: 95%
Magic:  6/6        EV: 18    Int: 11    God:
Gold:   190        SH:  0    Dex: 17    Spells: 5/5 levels left

rFire    . . .     SeeInvis .   a - +0 short sword
rCold    . . .     Gourm    .   (shield restricted)
rNeg     . . .     Faith    .   b - +0 robe
rPois    .         Spirit   .   (no helmet)
rElec    .         Reflect  .   h - scarf {cloud immunity}
rCorr    .         Harm     .   (no gloves)
MR       .....                  (no boots)
Stlth    +++.......             (no amulet)
HPRegen  0.13/turn              (no ring)
MPRegen  0.10/turn              (no ring)

@: no status effects
A: small, carnivore
a: no special abilities


You were on level 4 of the Dungeon.
You were very full.

You visited 1 branch of the dungeon, and saw 4 of its levels.

You collected 190 gold pieces.

Inventory:

Hand Weapons
 a - a +0 short sword (weapon)
Armour
 b - a +0 robe (worn)
 h - a scarf of cloud immunity (worn)
Jewellery
 n - a cursed ring of attention {unknown}
Wands
 s - a wand of random effects (15)
Scrolls
 d - a scroll of random uselessness {unknown}
 e - 6 scrolls of amnesia
 g - 2 scrolls of teleportation
 j - a scroll of magic mapping {unknown}
 o - a scroll of remove curse
 p - a scroll of enchant armour {unknown}
 r - a scroll of identify
Potions
 f - a potion of might
 i - 4 potions of curing
 k - 4 potions of heal wounds
 l - a potion of haste {unknown}
 m - a potion of brilliance {unknown}
Comestibles
 c - 9 rations


   Skills:
 + Level 4.6 Fighting
 + Level 5.5 Short Blades
 + Level 2.1 Armour
 + Level 5.0 Dodging
 - Level 5.0 Stealth


You had 5 spell levels left.
You didn't know any spells.
Your spell library was empty.

Dungeon Overview and Level Annotations

Branches:
Dungeon (4/15)
 Temple: D:4-7

Altars:
Qazlal


Innate Abilities, Weirdness & Mutations

You are small and have problems with some larger weapons.
You are carnivorous and can eat meat at any time.


Message History

The magic dart hits you!
You completely miss the orc wizard.
The orc wizard is lightly wounded.
The orc misses you. The orc wizard misses you.
You hit the orc wizard but do no damage.
The orc wizard is lightly wounded.
The orc wizard completely misses you. The orc closely misses you.
You hit the orc wizard.
The orc wizard is lightly wounded.
The orc wizard misses you. The orc completely misses you.
You barely miss the orc wizard.
The orc wizard is lightly wounded.
The orc wizard hits you with a +0 dagger.
You hit the orc wizard.
The orc wizard is heavily wounded.
The orc wizard points at you and mumbles some strange words.
The puff of flame hits you!
* * * LOW HITPOINT WARNING * * *
The orc hits you with a +0 club.
You die...

## .#
#####..#
#>..o#.#
#...@#.#
#....o!##
#....(..# ..
#....##..##.#
.. #...>#
#..#.# #.
####.# .....
######. #.#
...... ...##.
#.###.###..
#.#.. #.....#
#.# #....


You could see an orc wizard and an orc.

Vanquished Creatures
  2 ice beasts (D:3)
  An orc priest (D:4)
  An iguana (D:3)
  4 adders
  2 dart slugs
  5 leopard geckos
  3 orcs (D:3)
  6 bats
  5 giant cockroaches
  12 goblins
  6 hobgoblins
  4 jackals (D:3)
  5 kobolds
  3 quokkas
  A ball python (D:1)
  2 frilled lizards (D:3)
  4 rats (D:1)
66 creatures vanquished.

Notes
Turn   | Place    | Note
-------+----------+-------------------------------------------
     0 | D:1      | Borgoz the Kobold Monk began the quest for the Orb.
     0 | D:1      | Reached XP level 1. HP: 14/14 MP: 1/1
    60 | D:1      | You fall through a shaft!
    78 | D:2      | Reached XP level 2. HP: 19/19 MP: 2/2
   181 | D:2      | Reached XP level 3. HP: 2/23 MP: 3/3
  1340 | D:2      | Reached skill level 1 in Armour
  1615 | D:2      | Reached XP level 4. HP: 29/29 MP: 4/4
  2017 | D:3      | Reached XP level 5. HP: 27/33 MP: 5/5
  2071 | D:3      | Noticed an ice beast
  2085 | D:3      | Killed an ice beast
  2085 | D:3      | Reached skill level 5 in Short Blades
  2085 | D:3      | Reached XP level 6. HP: 38/38 MP: 6/6
  2770 | D:3      | Noticed an ice beast
  2878 | D:3      | Killed an ice beast
  3211 | D:4      | Found a stormy altar of Qazlal.
  3266 | D:4      | Reached skill level 5 in Dodging
  3266 | D:4      | Reached skill level 5 in Stealth
  3278 | D:4      | Slain by an orc

Levels and vault maps discovered:
D:1:      dpeg_arrival_ternary, layout_basic, chequers_serial_rivers_room_a
D:2:      layout_rooms
D:3:      layout_basic, chequers_arboretum, minmay_puff
D:4:      layout_rooms, lemuel_crystal_altar, first_ration, grunt_tough_drop

Skill      XL: |  1  2  3  4  5  6 |
---------------+-------------------+-----
Stealth        | 3 4 5 |  5.0
Dodging        | 4 5 |  5.0
Armour         | 1 2 |  2.1
Fighting       | 4 |  4.6
Short Blades   | 5 |  5.5

Action                   |  1- 3 |  4- 6 || total
-------------------------+-------+-------++-------
Melee: Short sword       |   111 |   149 ||   260
Throw: Throwing net      |       |     1 ||     1
  Use: Scroll            |     5 |     1 ||     6
       Potion            |       |     2 ||     2
 Stab: Sleeping          |     5 |     6 ||    11
       Held in net/web   |       |     2 ||     2
  Eat: Chunk             |    11 |     4 ||    15
Armor: Robe              |    12 |    13 ||    25
Dodge: Dodged            |    99 |   107 ||   206

Table legend:
 A = Non-vault XP
 B = Vault XP
 C = Vault XP percentage of total XP
 D = Non-vault monster count
 E = Vault monster count
 F = Vault count percentage of total count
                 A         B        C        D         E       F
            +---------+---------+-------+---------+---------+-------
      Total |     367 |     141 |  27.8 |      60 |       6 |   9.1
            +---------+---------+-------+---------+---------+-------
        D:1 |      37 |       0 |   0.0 |      21 |       0 |   0.0
        D:2 |      56 |       0 |   0.0 |      15 |       0 |   0.0
        D:3 |     230 |     141 |  38.0 |      22 |       6 |  21.4
        D:4 |      44 |       0 |   0.0 |       2 |       0 |   0.0
            +---------+---------+-------+---------+---------+-------
